 Dungeon Crawl Stone Soup version 0.29-a0-323-g050149af67 (webtiles) character file.

Game seed: 10339773788351811702

49 Jortsu the Vandal (level 3, 35/35 HPs)
             Began as a Troll Hunter on Apr 11, 2022.
             Was an Initiate of Yredelemnul.
             Quit the game on level 2 of the Dungeon.
             The game lasted 00:06:34 (913 turns).

Jortsu the Vandal (Troll Hunter)                     Turns: 913, Time: 00:06:35

Health: 35/35      AC:  6    Str: 19    XL:     3   Next: 53%
Magic:  2/2        EV: 10    Int:  5    God:    Yredelemnul [......]
Gold:   52         SH:  0    Dex: 15    Spells: 2/2 levels left

rFire   . . .      SeeInvis .   a - +1 hunting sling
rCold   . . .      Faith    .   (no shield)
rNeg    . . .      Spirit   .   b - +0 robe
rPois   .          Reflect  .   (helmet restricted)
rElec   .          Harm     .   m - +1 cloak
rCorr   .          Rampage  .   (gloves unavailable)
Will    .....                   (boots unavailable)
Stlth   +.........              (no amulet)
HPRegen 0.91/turn               (no ring)
MPRegen 0.08/turn               (no ring)

@: no status effects
A: large, unfitting armour, claws 3, regeneration 1, shaggy fur 1, tough skin 1
a: Renounce Religion, Recall Undead Harvest


You were on level 2 of the Dungeon.
You worshipped Yredelemnul.
Yredelemnul was noncommittal.
You visited 1 branch of the dungeon, and saw 2 of its levels.

You collected 52 gold pieces.

Inventory:

Hand Weapons
 a - a +1 hunting sling (weapon)
Armour
 b - a +0 robe (worn)
 m - a +1 cloak (worn)
Scrolls
 c - 2 scrolls of immolation
Potions
 d - 2 potions of curing
 e - a potion of haste {unknown}
 g - a potion of lignification {unknown}
 i - a potion of might {unknown}
 n - a potion of mutation {unknown}


   Skills:
 + Level 2.0 Fighting
 + Level 3.3 Slings
 + Level 1.8 Dodging
 + Level 0.3 Stealth


You had 2 spell levels left.
You didn't know any spells.
Your spell library contained the following spells:

 Spells                   Type           Power      Damage    Failure   Level
 Animate Skeleton         Necr           0%         N/A       47%         1
 Pain                     Necr           0%         1d4       47%         1
 Ignite Poison            Fire/Tmut/Pois 0%         N/A       85%         3
 Mephitic Cloud           Conj/Pois/Air  0%         N/A       85%         3
 Vampiric Draining        Necr           0%         2d6       85%         3
 Freezing Cloud           Conj/Ice/Air   0%         6-21      100%        5


Dungeon Overview and Level Annotations

Branches:
Dungeon (2/15)

Altars:
Yredelemnul


Innate Abilities, Weirdness & Mutations

You are too large for most types of armour.
You have claws for hands.
Your natural rate of healing is unusually fast.
You are covered in fur. (AC +1)
You have tough skin. (AC +1)


Message History

Unknown command.
Fire: a) +1 hunting sling
Press: ? - help, Q - select action, (/) - cycle Shift-Dir - straight line, f - you
Okay, then.
Welcome back, Jortsu the Troll Hunter.
Yredelemnul says: Carry the black torch!
Rouse the idle dead!
Press ? for a list of commands and other information.
You open the door.
A rat comes into view.
There is an open door here.
Found a stone staircase leading down.
Nothing quivered!
The rat bites you.
Welcome back, Jortsu the Troll Hunter.
Yredelemnul says: Carry the black torch!
Rouse the idle dead!
Press ? for a list of commands and other information.
Really attack while wielding your +1 hunting sling?
Okay, then.
The rat attacks as you move away! The rat barely misses you.
The rat barely misses you. The rat bites you but does no damage.
Your frilled lizard zombie bites the rat but does no damage.
Your frilled lizard zombie bites the rat.
Things that are here:
a stone; a +0 club
f - a stone The rat bites you but does no damage.
Your frilled lizard zombie closely misses the rat.
The rat closely misses you.
Throw: stone
Press: ? - help, Q - select action, (/) - cycle Shift-Dir - straight line, f - rat
Aim: a rat (heavily wounded, ally target, 60% to hit)
You throw a stone. The stone barely misses the rat.
The rat bites you.
Your frilled lizard zombie bites the rat but does no damage.
Unknown command.
The rat bites your frilled lizard zombie.
Your frilled lizard zombie bites the rat.
The rat dies!
Are you sure you want to abandon this character and quit the game? (Confirm with "yes".)

..# #..# #.# #..#
#.# #..# #.# #..#
#.#+#..# #..@...#
#..Z...# #......#
#..Z...############
#....().<.........#
#.#'####...######.#
#.#.# #...# #.#
#.#.# #...# #.#
..#.# ##### #.#


You could see a friendly frilled lizard zombie and a friendly kobold zombie.

Vanquished Creatures
  A gnoll (D:1)
  2 dart slugs
  2 endoplasms (D:1)
  3 giant cockroaches (D:1)
  2 goblins (D:1)
  7 hobgoblins (D:1)
  4 quokkas (D:1)
  3 ball pythons
  3 bats (D:1)
  3 frilled lizards
  A kobold (D:2)
  A rat (D:1)
32 creatures vanquished.

Vanquished Creatures (collateral kills)
  A rat (D:2)
1 creature vanquished.

Grand Total: 33 creatures vanquished

Notes
Turn   | Place    | Note
-------+----------+-------------------------------------------
     0 | D:1      | Jortsu the Troll Hunter began the quest for the Orb.
     0 | D:1      | Reached XP level 1. HP: 19/19 MP: 0/0
   129 | D:1      | Reached skill level 3 in Slings
   129 | D:1      | Reached XP level 2. HP: 27/27 MP: 1/1
   256 | D:1      | Reached XP level 3. HP: 35/35 MP: 2/2
   787 | D:1      | Found a faded altar of an unknown god.
   790 | D:1      | Prayed at the altar of an unknown god.
   790 | D:1      | Became a worshipper of Yredelemnul the Dark
   913 | D:2      | Quit the game

Illustrated notes

Levels and vault maps discovered:
D:1:      saegor_arrival_simple_a, layout_loops_cross,
          shapermc_ecumenical_altar_mp_vishouse
D:2:      layout_basic, basic_altar, minmay_circled_x, uniq_crazy_yiuf_cottage

Skill      XL: |  1  2  3 |
---------------+----------+-----
Slings         | 3 |  3.3
Fighting       | 2 |  2.0
Dodging        | |  1.8
Stealth        | |  0.3

Action                   || total
-------------------------++-------
 Fire: Hunting sling     ||   145
Throw: Stone             ||     1
  Use: Scroll            ||     6
Armor: Robe              ||    51
Dodge: Dodged            ||    64

Table legend: (Time is in decaauts)
 A = Elapsed time spent in this place.
 B = Non-inter-level travel time spent in this place.
 C = Inter-level travel time spent in this place.
 D = Time resting spent in this place.
 E = Time spent auto-exploring this place.
 F = Levels seen in this place.
 G = Mean time per level.
                   A        B        C        D        E       F      G
               +--------+--------+--------+--------+--------+-----+--------+
         Total |    963 |    963 |      0 |     39 |    524 |   2 |  481.5 |
       Dungeon |    963 |    963 |      0 |     39 |    524 |   2 |  481.5 |
               +--------+--------+--------+--------+--------+-----+--------+

Top non-repeatable levels by time:
     D:1: 836 daAuts
     D:2: 127 daAuts
